Map: Acropolis LE

Players

Rom - Winner!

  • Race: Terran Terran
  • League: Master
  • Spawn Location: 11:00

Mez

  • Race: Terran Terran
  • League: Master
  • Spawn Location: 5:00

VOD

Have the link to the VOD?

Description

Time

  • Played on: Aug. 14, 2019, 11:20 a.m.
  • Length: 3:54
Show
View Real Time Build Order
Export as new Build Order

Rom Terran - Winner!

Build Orders:  

Get SALT Encoding   

  12  0:01  SCV  
  13  0:13  SCV  
  14  0:17  Supply Depot  
  14  0:25  SCV  
  15  0:29  Refinery  
  15  0:39  SCV  
  16  0:49  Barracks  
  16  1:03  Barracks  
  16  1:09  SCV  
  17  1:21  SCV  
  17  1:22  Refinery  
  18  1:33  SCV  
  18  1:35  Reaper  
  20  1:46  Supply Depot  
  20  1:50  Reaper  
  20  1:53  Orbital Command  
  21  2:08  Reaper  
  21  2:25  Reaper  
  22  2:31  SCV  
  23  2:40  Reaper  
  23  2:43  Factory, SCV, Supply Depot  
  25  2:53  Supply Depot  
  25  2:55  SCV  
  26  3:18  Reaper x2  
  26  3:19  SCV  
  29  3:31  SCV  
  30  3:35  Factory Tech Lab  
  30  3:38  Starport  
Show
View Real Time Build Order
Export as new Build Order

Mez Terran 

Build Orders:  

Get SALT Encoding   

  12  0:01  SCV  
  13  0:13  SCV  
  14  0:17  Supply Depot  
  14  0:25  SCV  
  15  0:39  SCV  
  15  0:40  Barracks  
  16  0:51  SCV  
  17  1:03  SCV  
  18  1:14  Command Center  
  18  1:19  SCV  
  19  1:29  Marine  
  19  1:31  Orbital Command  
  20  1:40  Refinery  
  20  1:41  Refinery  
  20  1:47  Marine  
  20  1:53  Supply Depot  
  21  1:57  SCV  
  22  2:08  Bunker  
  22  2:10  Marine  
  22  2:14  SCV  
  23  2:30  Marine  
  23  2:31  Orbital Command  
  23  2:32  SCV  
  24  2:42  Factory  
  24  2:46  SCV  
  24  2:49  Barracks Reactor  
  25  2:57  SCV  
  19  3:31  Marine x2  
  18  3:34  SCV x2  
Tags
 
Add a new tag
Caveats
  • Supply blocks, unpowered buildings, or Contaminate may cause inaccurate times.
  • Supply counts are checked every 10 seconds.